 Dungeon Crawl Stone Soup version 0.21-a0-26-g7b23a2f (webtiles) character file.

2123 lauthentik the Cleaver (level 9, -4/75 HPs)
             Began as a Hill Orc Fighter on May 25, 2017.
             Was a Follower of Beogh.
             Slain by anet's ghost (14 damage)
             ... on level 7 of the Dungeon.
             The game lasted 00:16:49 (5384 turns).

lauthentik the Cleaver (Hill Orc Fighter)           Turns: 5384, Time: 00:16:49

Health: -4/75      AC: 15    Str: 22    XL:     9   Next: 29%
Magic:  0/9        EV:  8    Int:  8    God:    Beogh [*.....]
Gold:   378        SH:  0    Dex: 10    Spells: 8/8 levels left

rFire    + + .     SeeInvis .   G - +1 bardiche of Subjectivity {elec, rF++} (curse)
rCold    . . .     Gourm    .   (shield currently unavailable)
rNeg     . . .     Faith    .   t - +0 chain mail
rPois    .         Spirit   +   m - +2 helmet
rElec    .         Reflect  .   (no cloak)
rCorr    .         Harm     .   (no gloves)
MR       .....                  E - +1 pair of boots
Stlth    ..........             r - amulet of guardian spirit
Regen    0.3/turn               (no ring)
MPRegen  0.2/turn               (no ring)

@: no status effects
A: no striking features
a: Renounce Religion


You were on level 7 of the Dungeon.
You worshipped Beogh.
Beogh was aware of your devotion.
You were not hungry.

You visited 1 branch of the dungeon, and saw 7 of its levels.

You collected 378 gold pieces.

Inventory:

Hand Weapons
 a - a +0 war axe
 G - the cursed +1 bardiche of Subjectivity (weapon) {elec, rF++}
   (You found it on level 7 of the Dungeon)

   Occasionally, upon striking a foe, it will discharge some electrical energy
   and cause terrible harm.
   It greatly protects you from fire.
   It has a curse placed upon it.
Armour
 c - a +0 shield
 m - a +2 helmet (worn)
 t - a +0 chain mail (worn)
 E - a +1 pair of boots (worn)
Jewellery
 r - an amulet of guardian spirit (around neck)
Wands
 y - a wand of paralysis (12/24)
 B - a wand of lightning (6/15)
Scrolls
 e - 2 scrolls of blinking {unknown}
 i - a scroll of magic mapping {unknown}
 k - 3 scrolls of enchant weapon {unknown}
 n - 8 scrolls of identify
 u - 3 scrolls of remove curse
 w - a scroll of vulnerability {unknown}
 x - 2 scrolls of fear {unknown}
 z - a scroll of recharging {unknown}
 C - a scroll of amnesia {unknown}
 D - a scroll of teleportation {unknown}
Potions
 d - 2 potions of might
 g - 4 potions of degeneration {unknown}
 h - 2 potions of curing {unknown}
 l - a potion of heal wounds {unknown}
 o - 2 potions of invisibility {unknown}
 p - a potion of brilliance {unknown}
 q - 4 potions of cancellation {unknown}
 s - a potion of lignification {unknown}
 A - a potion of magic {unknown}
Comestibles
 b - 2 meat rations
 f - 3 bread rations
 j - 4 royal jellies
 v - 4 fruits
 F - 3 chunks of flesh


   Skills:
 + Level 5.9 Fighting
 + Level 11.4 Axes
 + Level 5.9 Armour
 + Level 1.7 Dodging
 + Level 0.1 Stealth
 + Level 6.4 Shields


You had 8 spell levels left.
You didn't know any spells.

Dungeon Overview and Level Annotations

Branches:
Dungeon (7/15)             Temple (0/1) D:6

Altars:
Ru

Shops:
D:5 [

Annotations:
D:7 anet's ghost, novice DEWz


Message History

Anet's ghost is heavily damaged.
Anet's ghost hits you. Anet's ghost barely misses you.
You slice anet's ghost!!
Anet's ghost is almost destroyed.
Anet's ghost hits you but does no damage.
You are electrocuted!
You are too injured to fight recklessly!
You are too injured to fight recklessly!
Your chain mail prevents you from hitting anet's ghost.
Anet's ghost is almost destroyed.
Anet's ghost completely misses you.
Anet's ghost hits you but does no damage.
You are electrocuted!
* * * LOW HITPOINT WARNING * * *
You miss anet's ghost.
Anet's ghost is almost destroyed.
Anet's ghost closely misses you.
Anet's ghost hits you but does no damage.
You are electrocuted!
You die...

...## #.... #...### #.....
#...# ...<# ###...#
#...W.##### #.#@....... #.
#.#.......... .. #.
#.#.......... ...
##.##............ #.#
...#....######.# #.# #
#..#.......# #.# #.#
##.###..#.##.##.# #.# #.#
........#.##.##.###.#####.##
#...............)))..(.....


You could see anet's ghost.

Vanquished Creatures
  Sigmund (D:4)
  Menkaure (D:6)
  2 phantoms (D:6)
  2 ice beasts (D:5)
  2 sky beasts
  An ogre (D:4)
  3 centaurs
  3 bullfrogs
  A big kobold (D:7)
  A bullfrog zombie (D:6)
  3 hounds
  2 jellies (D:6)
  2 orc priests (D:5)
  4 orc wizards
  A bullfrog skeleton (D:6)
  An iguana (D:4)
  4 worker ants
  Natasha (thrice) (D:3)
  A worker ant zombie (D:6)
  5 adders
  An ooze (D:5)
  2 adder skeletons
  A worm (D:4)
  A dart slug (D:2)
  3 leopard geckos
  15 orcs
  7 bats
  4 giant cockroaches
  8 goblins
  8 hobgoblins
  12 kobolds
  3 quokkas
  A ball python (D:1)
  5 frilled lizards
  A jackal skeleton (D:4)
  9 rats
124 creatures vanquished.

Vanquished Creatures (others)
  An orc wizard (D:3)
1 creature vanquished.

Grand Total: 125 creatures vanquished

Notes
Turn   | Place    | Note
-------+----------+-------------------------------------------
     0 | D:1      | lauthentik the Hill Orc Fighter began the quest for the Orb.
     0 | D:1      | Reached XP level 1. HP: 19/19 MP: 1/1
   204 | D:1      | Reached XP level 2. HP: 25/27 MP: 2/2
   299 | D:1      | Reached skill level 3 in Axes
   784 | D:2      | Reached XP level 3. HP: 32/33 MP: 3/3
  2060 | D:3      | Reached XP level 4. HP: 40/40 MP: 4/4
  2366 | D:3      | Reached skill level 4 in Axes
  2378 | D:3      | Found a sacrificial altar of Ru.
  2433 | D:3      | Noticed Natasha
  2438 | D:3      | Killed Natasha
  2513 | D:3      | Reached XP level 5. HP: 46/46 MP: 5/5
  2647 | D:3      | Noticed Natasha
  2647 | D:3      | Reached skill level 5 in Axes
  2657 | D:3      | Killed Natasha
  2763 | D:3      | Noticed Natasha
  2767 | D:3      | Killed Natasha
  2767 | D:3      | Reached skill level 1 in Dodging
  2767 | D:3      | Reached XP level 6. HP: 44/52 MP: 4/6
  2857 | D:4      | Reached skill level 6 in Axes
  2859 | D:4      | Became a worshipper of Beogh the Brigand
  3028 | D:4      | Reached XP level 7. HP: 47/59 MP: 7/7
  3038 | D:4      | Reached skill level 7 in Axes
  3286 | D:4      | Noticed Sigmund
  3309 | D:4      | Killed Sigmund
  3411 | D:5      | Entered Level 5 of the Dungeon
  3421 | D:5      | Reached skill level 5 in Shields
  3820 | D:5      | Reached skill level 8 in Axes
  3820 | D:5      | Reached skill level 5 in Armour
  3821 | D:5      | Reached skill level 5 in Fighting
  3821 | D:5      | Reached XP level 8. HP: 37/68 MP: 4/8
  3885 | D:5      | Found Pamext's Antique Armour Emporium.
  4181 | D:5      | Reached skill level 9 in Axes
  4516 | D:6      | Reached skill level 10 in Axes
  4722 | D:6      | Noticed Menkaure
  4731 | D:6      | Killed Menkaure
  4731 | D:6      | Reached XP level 9. HP: 18/74 MP: 2/9
  4926 | D:6      | Found a staircase to the Ecumenical Temple.
  4974 | D:6      | Reached * piety under Beogh
  5177 | D:7      | Reached skill level 11 in Axes
  5332 | D:7      | Got a steaming bardiche
  5338 | D:7      | Identified the cursed +1 bardiche of Subjectivity {elec, rF++} (You found it on level 7 of the Dungeon)
  5377 | D:7      | Noticed anet's ghost (novice DEWz)
  5384 | D:7      | Slain by anet's ghost

Vault maps used:
D:1:      lightli_arrival_statuegarden, serial_forest,
          infiniplex_forest_lined_room_2, infiniplex_forest_zigzag_1,
          infiniplex_forest_clump_small, infiniplex_forest_clump_small,
          infiniplex_forest_pool, infiniplex_forest_straight_2
D:3:      nicolae_ru_sacrificial_ziggurat, uniq_natasha
D:4:      first_bread, uniq_sigmund
D:5:      serial_shops, nicolae_shop_overgrown_old_shop
D:6:      minmay_temple_entry_poolview, uniq_menkaure
D:7:      serial_shops, shop, enter_ossuary_2

Skill      XL: |  1  2  3  4  5  6  7  8  9 |
---------------+----------------------------+-----
Axes           | 3 4 5 6 8 10 11 | 11.4
Armour         | 4 5 |  5.9
Shields        | 4 5 6 |  6.4
Fighting       | 4 5 |  5.9
Dodging        | 1 |  1.7
Stealth        | |  0.1

Action                   |  1- 3 |  4- 6 |  7- 9 || total
-------------------------+-------+-------+-------++-------
Melee: War axe           |   184 |   140 |   198 ||   522
       Bardiche          |       |       |    15 ||    15
Invok: Convert to Beogh  |       |     1 |       ||     1
  Use: Scroll            |       |       |     2 ||     2
  Eat: Chunk             |     4 |     4 |     7 ||    15
Armor: Scale mail        |    52 |       |       ||    52
       Chain mail        |    67 |    66 |   115 ||   248
Dodge: Dodged            |    61 |    29 |    42 ||   132
Block: Shield            |   109 |    57 |    87 ||   253
